 Dungeon Crawl Stone Soup version 0.22-a0-185-ge330310 (webtiles) character file.

70 Amnesiac the Digger (level 4, -1/30 HPs)
             Began as a Mummy Earth Elementalist on Feb 15, 2018.
             Slain by a scorpion (8 damage)
             ... on level 4 of the Dungeon.
             The game lasted 00:02:46 (971 turns).

Amnesiac the Digger (Mummy Earth Elementalist)       Turns: 971, Time: 00:02:47

Health: -1/30      AC:  3    Str: 11    XL:     4   Next: 3%
Magic:  7/9        EV: 12    Int: 15    God:
Gold:   81         SH:  0    Dex: 12    Spells: 6/9 levels left

rFire    x . .     SeeInvis .   i - +0 dagger
rCold    + . .     Gourm    .   (no shield)
rNeg     + + +     Faith    .   c - +0 robe
rPois    ∞         Spirit   .   (no helmet)
rElec    .         Reflect  .   (no cloak)
rCorr    .         Harm     .   g - +0 pair of gloves
MR       .....                  (no boots)
Stlth    ++........             (no amulet)
HPRegen  0.10/turn              (no ring)
MPRegen  0.11/turn              (no ring)

@: no status effects
A: no food or potions, fire vulnerability, cold resistance 1, negative energy
resistance 3, torment resistance, unbreathing
a: no special abilities


You were on level 4 of the Dungeon.
You were not hungry.

You visited 1 branch of the dungeon, and saw 4 of its levels.

You collected 81 gold pieces.

Inventory:

Hand Weapons
 i - a +0 dagger (weapon)
Missiles
 b - 39 stones (quivered)
Armour
 c - a +0 robe (worn)
 g - a +0 pair of gloves (worn)
Wands
 h - a wand of iceblast (14)
 j - a wand of paralysis (14)
Scrolls
 a - a scroll of remove curse {!r, unknown}
 e - 3 scrolls of amnesia {!r, unknown}
 f - a scroll of random uselessness {!r, unknown}
Books
 d - a book of Geomancy

   Spells                             Type                      Level
   a - Sandblast                      Earth                        1
   b - Passwall                       Transmutation/Earth          2
   c - Stone Arrow                    Conjuration/Earth            3
   d - Petrify                        Transmutation/Earth          4
   e - Lee's Rapid Deconstruction     Earth                        5


   Skills:
 + Level 0.6 Short Blades
 - Level 1.5 Dodging
 - Level 2.0 Stealth
 + Level 3.4 Spellcasting
 - Level 0.7 Transmutations
 * Level 3.4 Earth Magic


You had 6 spell levels left.
You knew the following spells:

 Your Spells              Type           Power        Failure   Level  Hunger
a - Sandblast             Erth           ##....       4%          1    N/A
b - Passwall              Tmut/Erth      #.........   12%         2    N/A

Dungeon Overview and Level Annotations

Branches:
Dungeon (4/15)
 Temple: D:4-7

Altars:


Innate Abilities, Weirdness & Mutations

You do not eat or drink.
Your flesh is vulnerable to fire.
You are immune to poison.
Your flesh is cold resistant. (rC+)
You are immune to negative energy. (rN+++)
You are immune to unholy pain and torment.
You can survive without breathing.


Message History

Aiming: Sandblast (safe; 4% risk of failure)
Press: ? - help, Shift-Dir - straight line, f/p - scorpion
Aim: a scorpion (severely wounded)
The blast of sand hits the scorpion.
The scorpion is severely wounded.
b - 43 stones The scorpion stings you.
* * * LOW HITPOINT WARNING * * *
Unknown command.
You see here a scale mail.
Your magical contamination has completely faded away.
You see here a scale mail.
Casting: Sandblast (safe; 4% risk of failure)
Confirm with . or Enter, or press ? or * to list all spells.
Aiming: Sandblast (safe; 4% risk of failure)
Press: ? - help, Shift-Dir - straight line, f/p - scorpion
Aim: a scorpion (severely wounded)
The blast of sand hits the scorpion.
The scorpion is severely wounded.
b - 42 stones Unknown command.
Unknown command.
Casting: Sandblast (safe; 4% risk of failure)
Confirm with . or Enter, or press ? or * to list all spells.
Aiming: Sandblast (safe; 4% risk of failure)
Press: ? - help, Shift-Dir - straight line, f/p - scorpion
Aim: a scorpion (severely wounded)
The blast of sand hits the scorpion.
The scorpion is severely wounded.
b - 41 stones The scorpion stings you.
* * * LOW HITPOINT WARNING * * *
Unknown command.
Unknown command.
Unknown command.
Casting: Sandblast (safe; 4% risk of failure)
Confirm with . or Enter, or press ? or * to list all spells.
Aiming: Sandblast (safe; 4% risk of failure)
Press: ? - help, Shift-Dir - straight line, f/p - scorpion
Aim: a scorpion (severely wounded)
The blast of sand hits the scorpion.
The scorpion is severely wounded.
b - 40 stones The scorpion stings you.
* * * LOW HITPOINT WARNING * * *
Unknown command.
Press: ? - help, v - describe, . - travel
Here: a scorpion (severely wounded)
The floor.
You see here a scale mail.
The scorpion stings you but does no damage.
You see here a scale mail.
Casting: Sandblast (safe; 4% risk of failure)
Confirm with . or Enter, or press ? or * to list all spells.
Aiming: Sandblast (safe; 4% risk of failure)
Press: ? - help, Shift-Dir - straight line, f/p - scorpion
Aim: a scorpion (heavily wounded)
The blast of sand hits the scorpion.
The scorpion is severely wounded.
b - 39 stones The scorpion stings you but does no damage.
Unknown command.
The scorpion stings you!
You die...

..#.# #....#
#.##.#####.# ####.#
###).#####.##.##....#
#.#
#..##...........###
#.####
#..##.##.##.##.......
#....#
#........##.##..#####
####.#
#..##.#####.###.# #.#
#..##.# #.# #.#
#.###..##.#####.# #.#
#......s@...%...# #.#
######.##.####### #.#
#.##.# #.##[# #####
#.##.# ..... #.##.#
####. #######.##.#
........##.#
#######.##.#


You could see a scorpion.

Vanquished Creatures
  A bullfrog skeleton (D:4)
  2 adders
  An ooze (D:3)
  A dart slug (D:1)
  5 giant cockroaches
  2 hobgoblins (D:1)
  A bat (D:1)
  2 frilled lizards (D:1)
  2 kobolds
  2 rats (D:1)
19 creatures vanquished.

Notes
Turn   | Place    | Note
-------+----------+-------------------------------------------
     0 | D:1      | Amnesiac the Mummy Earth Elementalist began the quest for the Orb.
     0 | D:1      | Reached XP level 1. HP: 13/13 MP: 4/4
   168 | D:2      | Reached XP level 2. HP: 9/19 MP: 1/5
   624 | D:3      | Reached XP level 3. HP: 24/24 MP: 4/7
   628 | D:3      | Learned a level 2 spell: Passwall
   713 | D:4      | Reached XP level 4. HP: 25/30 MP: 2/9
   908 | D:4      | HP: 1/30 [scorpion (5)]
   971 | D:4      | Slain by a scorpion

Vault maps used:
D:1:      matt_arrival_refuge, minmay_crystal_water
D:2:      uniq_robin
D:3:      tgw_kikubaaqudgha, uniq_sigmund, uniq_jessica
D:4:      first_ration

Skill      XL: |  1  2  3 |
---------------+----------+-----
Earth Magic    | 3 |  3.4
Spellcasting   | 3 |  3.4
Stealth        | 2 |  2.0
Short Blades   | |  0.6
Dodging        | |  1.5
Transmutations | |  0.7

Action                   |  1- 3 |  4- 6 || total
-------------------------+-------+-------++-------
Melee: Unarmed           |     3 |       ||     3
 Cast: Sandblast         |    35 |    15 ||    50
 Stab: Sleeping          |     1 |       ||     1
Armor: Robe              |     6 |     3 ||     9
Dodge: Dodged            |    12 |     4 ||    16

Table legend:
 A = Spawn XP
 B = Non-spawn XP
 C = Spawn XP percentage of total XP
 D = Spawn monster count
 E = Non-spawn monster count
 F = Spawn count percentage of total count
 G = Total turns spent on level
                    A         B        C        D         E        F      G
               +---------+---------+-------+---------+---------+-------+---------
         Total |       0 |     100 |   0.0 |       0 |      19 |   0.0 |   971
               +---------+---------+-------+---------+---------+-------+---------
           D:1 |       0 |      16 |   0.0 |       0 |      10 |   0.0 |   280
           D:2 |       0 |      21 |   0.0 |       0 |       5 |   0.0 |   339
           D:3 |       0 |       7 |   0.0 |       0 |       1 |   0.0 |    39
           D:4 |       0 |      56 |   0.0 |       0 |       3 |   0.0 |   313
               +---------+---------+-------+---------+---------+-------+---------
